← All builds
Pond / Armada / Economy first / OBSERVED BUILD

Standard pond

Armada Pond build order · Supreme Isthmus

Pond's usual economy-first play: Bot Lab around 5:35, boosting the fronts with tidal/wind, then Advanced Metal Extractor and T1 units to help front.

#eco #team support · 492 distinct matches · 109 players · 60% of Armada Pond games · team won 49% of 560 · Recently observed

HOW TO PLAY IT

Key timing: Bot Lab by 5:42

  1. Open tidal, then wind to start boosting front's economy.
  2. Take mex and keep boosting wind or tidal depending on front's needs.
  3. Get a Bot Lab up, start sending Tick and Pawn to front.
  4. Add Advanced Metal Extractor to scale up team's economy.
  5. Switch to tick spam if enemy reaches T2 front before you do.

Phase by phase

TYPICAL OF ITS 492 GAMES
  1. 1
  2. 2
PLAY THE OPENING

Follow the example game's first 6:00 step by step: what to build now, what comes next, and where it goes. At 1× it keeps pace with your own game.

  1. 1

    Up to the Bot Lab

    Economy
    • Metal Extractor4Mex
    • Wind Turbine10Wind
    • Tidal Generator8Tidalfor allies
    • Tidal Generator1Tidal
    • Energy Storage1Energy storage
    Order
    1. Bot LabBot Lab after 4 mex, 10 wind, 1 energy storagedone ~5:36, middle half 3:31–7:01

    Some games also: converter (45%)

    By 5:05 in all: 4 mex · 10 wind · 1 tidal · 1 energy storage

    The example game in this phase · 8 steps
    1. Tidal ×7for Suicide front
    2. Tidal ×4
    3. Mex ×4
    4. Wind ×7
    5. Energy storagefor Geo
    6. Wind
    7. Converter ×2
    8. Bot LabBot Labdone 4:38 · typical 5:36
  2. 2

    Bot Lab to 10:00

    Economy
    • Wind Turbine16Wind
    Builders
    • Construction Turret1 Con turret
    • Construction Bot2 Con bot
    Army
    • Tick1 Tick

    Some games also: Lazarus (47%) · converter (45%)

    By 10:00 in all: 4 mex · 31 wind · 1 tidal · 5 converter · 1 energy storage · 2 con turret

    The example game in this phase · 87 steps
    1. Construction BotCon bot
    2. Con turret
    3. Converter
    4. Wind ×2
    5. Converter
    6. Wind ×2
    7. Converter
    8. Wind ×2
    9. Converter
    10. Energy storage
    11. Wind
    12. Converter
    13. Wind
    14. Converter
    15. Wind
    16. Converter
    17. Wind ×2
    18. Converter
    19. Wind ×2
    20. Converter
    21. Wind ×20
    22. Energy storage
    23. Naval Energy Converter
    24. Con turret
    25. Naval Energy Converter
    26. Advanced Metal ExtractorT2 mexdone 9:31 · typical 9:54
    27. Converter ×3
    28. Advanced Metal ExtractorT2 mex
    29. Converter ×4
    30. Con turret
    31. Advanced Metal ExtractorT2 mex
    32. Con turret ×2
    33. Advanced Metal ExtractorT2 mex
    34. Fusion ReactorFusiondone 12:09
    35. Wind ×5
    36. Bot LabBot Labdone 12:16
    37. Wind ×5
    38. Bot LabBot Labdone 12:26
    39. Wind
    40. TickTick ×3
    41. Wind
    42. TickTick ×48
    43. T2 converter
    44. TickTick ×5
    45. PawnPawn ×2
    46. TickTick ×2
    47. PawnPawn ×2
    48. TickTick ×2
    49. PawnPawn ×2
    50. TickTick ×2
    51. PawnPawn ×2
    52. TickTick ×2
    53. PawnPawn ×2
    54. TickTick ×2
    55. PawnPawn ×2
    56. TickTick ×2
    57. PawnPawn ×2
    58. TickTick ×2
    59. PawnPawn ×2
    60. TickTick ×2
    61. PawnPawn ×2
    62. TickTick ×2
    63. PawnPawn ×2
    64. TickTick ×2
    65. PawnPawn ×2
    66. TickTick ×2
    67. PawnPawn ×2
    68. TickTick ×2
    69. PawnPawn ×2
    70. Radar TowerRadar Tower
    71. TickTick ×2
    72. PawnPawn ×2
    73. TickTick ×2
    74. PawnPawn ×2
    75. TickTick ×2
    76. PawnPawn ×2
    77. TickTick ×2
    78. PawnPawn
    79. T2 converter
    80. PawnPawn
    81. TickTick
    82. LazarusLazarus
    83. PawnPawn
    84. TickTick ×2
    85. PawnPawn ×2
    86. TickTick ×2
    87. PawnPawn ×2

Counts are medians over the build's games: half of them build more, half fewer. The example game is maccommander's (39 OS, 11/09/2026); pick another.

Team trades

IN AT LEAST 30% OF ITS GAMES

You hand over

  • Tidal Generator8 Tidal to Suicide front or Frontfirst at 0:10 · in 90% of games

You get

  • Hercules1 Light transport from Air or Techfirst at 4:26 · in 30% of games
  • Hephaestus1 Heavy transport from Air or Techfirst at 4:43 · in 38% of games
  • Fatboy1 Fatboy from Techfirst at 5:03 · in 40% of games
  • Sharpshooter2 Sniper bot from Techfirst at 5:16 · in 42% of games
  • Advanced Construction Bot1 T2 con bot from Techfirst at 8:17 · in 93% of games

How it plays out

Typical game of this build, running totals by minute

Metal produced

010k20k
0:005:0010:0015:00

metal

Enemy metal destroyed

02k4k6k
0:005:0010:0015:00

metal

Own metal lost

02k4k
0:005:0010:0015:00

metal

560 games.

Show as table
ByMetal produced: This buildEnemy metal destroyed: This buildOwn metal lost: This build
1:0011500
2:0027300
3:0082000
4:00151000
5:00223100
6:00298500
7:0038494570
8:0047571239134
9:0057151964370
10:0069142772714
11:00841732701152
12:001038035821584
13:001269541901941
14:001506347542420
15:001770153163019
WHAT THE NUMBERS SAY

This is the role's standard support job, winning slightly under half its games while contributing modest kills for modest losses.

  • + Keeps own losses fairly low relative to kills (2827 destroyed vs 756 lost by 10:00).
  • + Reaches T2 constructor reliably (89% of games) by 8:10.
  • − Metal production trails other roles at 6855 by 10:00.
  • − No kills registered by 5:00, slow to impact the fight.
THE EXAMPLE YOU ARE READING

maccommander

38.8 OS · 11/09/2026

Open source match ↗

1 received units · includes a constructor
462 metal received · 115399 energy received

Allied construction assistance is unknown. Timings are observations, not a promise of solo reproducibility.

Typical milestones

Bot Lab5:36Middle 50%: 3:31–7:01 · n=503
Advanced Metal Extractor9:54Middle 50%: 8:59–10:38 · n=508

Played most by

Viltrum45games of this buildTeaner39games of this buildUsurpeR28games of this buildzeus_on_god23games of this buildRogShotz20games of this build